[Event "*** Titled Tuesday 3|2 Blitz"]
[Site "Chess.com"]
[Date "2016.03.01"]
[Round "4"]
[White "StellarChessPro"]
[Black "MateusViageiro"]
[Result "1-0"]
[WhiteElo "2396"]
[BlackElo "2213"]
[TimeControl "180+2"]
[EndTime "12:21:03 PST"]
[Termination "StellarChessPro won by checkmate"]

1. d4 Nf6 2. Nf3 e6 3. Nbd2 d5 4. e3 Nbd7 5. Bd3 c5 6. c3 b6 7. Ne5 Bb7 8. f4 Bd6 9. O-O O-O 10.
h3 Ne4 11. Qe2 Ng3 12. Qf3 Nxf1 13. Qxf1 cxd4 14. exd4 Nf6 15. g4 Bxe5 16. fxe5 Ne4 17.
Qg2 Nxd2 18. Bxd2 f6 19. Re1 fxe5 20. Rxe5 Qf6 21. Be2 Qg6 22. g5 Qb1+ 23. Kh2 Qc2 24. Bg4 Bc8 25. h4 Qxb2 26. h5 Qb1 27. Bh3 Qd1 28.
g6 hxg6 29. hxg6 Qf3 30. Bg5 Qxg2+ 31. Kxg2 Bd7 32. Be7 Rfe8 33. Ba3 Rac8 34. Bb2 Rf8 35. Bg4 Rf6 36. Rg5 Rcf8 37. Kg3 Rf2 38. Ba3 R8f6 39. Bd6 Rxa2 40. Be5 Rf8 41. Rh5 Rc2 42. Rh7 Rxc3+ 43. Kh4 Rd8 44. Rxg7+ Kf8 45. Rh7 Rc1 46. Kg5 Rf1 47. Bd6+ Kg8 48. Be5 Kf8 49. Bf6 Rc8 50. Rh8# 1-0

[Event "*** Titled Tuesday 3|2 Blitz"]
[Site "Chess.com"]
[Date "2016.03.01"]
[Round "4"]
[White "Jahonas"]
[Black "alturas_pacificas"]
[Result "1-0"]
[WhiteElo "2182"]
[BlackElo "2162"]
[TimeControl "180+2"]
[EndTime "12:21:04 PST"]
[Termination "Jahonas won by resignation"]

1. d4 d5 2. Nf3 Nf6 3. c3 Bf5 4. Bf4 e6 5. Nbd2 a6 6. e3 c5 7. Be2 Nc6 8. h3 h6 9. g4 Bh7 10. Ne5 cxd4 11. exd4 Bd6 12. Ndf3 O-O 13. Qd2 Ne4 14.
Qe3 Qc7 15. Rg1 f6 16. Nd3 Rae8 17. Bxd6 Qxd6 18. h4 e5 19. dxe5 Nxe5 20. Nfxe5 fxe5 21. f3 d4 22. Qc1 Nc5 23. Nxc5 Qxc5 24. cxd4 Qxd4 25.
Qc4+ Kh8 26. Qxd4 exd4 27. Kd2 d3 28. Bd1 Rc8 29. Rc1 Rxc1 30. Kxc1 Rc8+ 31. Kd2 Kg8 32. Re1 Kf8 33. g5 hxg5 34. hxg5 Bf5 35. Re5 g6 36. Bb3 b5 37. f4 Rc7 38. a3 Rh7 39. Bd1 Rh2+ 40. Kc3 Rf2 41. Rc5 Rxf4 42. Rc6 a5 43. Rb6 Rc4+ 44. Kd2 b4 45. axb4 axb4 46. b3 Rh4 47. Rb7 Rh2+ 48. Ke3 Rh3+ 49. Kd2 Rh2+ 50. Ke3 Rh1 51. Kd2 Rg1 52. Rxb4 Rxg5 53. Rd4 Ke7 54. b4 Rg2+ 55. Kc3 Rg1 56. Bb3 Rc1+ 57. Kd2 Rc7 58.
Bc4 Rb7 59. Bxd3 Bxd3 60. Kxd3 Rxb4 61. Rxb4 1-0

[Event "*** Titled Tuesday 3|2 Blitz"]
[Site "Chess.com"]
[Date "2016.03.01"]
[Round "4"]
[White "petrpalachev"]
[Black "Silent_Terror"]
[Result "0-1"]
[WhiteElo "2274"]
[BlackElo "2508"]
[TimeControl "180+2"]
[EndTime "12:21:06 PST"]
[Termination "Silent_Terror won by resignation"]

1. d4 Nf6 2. c4 e6 3. Nf3 Bb4+ 4. Nbd2 b6 5. a3 Be7 6. e4 d6 7. Be2 Bb7 8. Qc2 c5 9. e5 Nfd7 10. Ne4 d5 11. cxd5 exd5 12. Neg5 h6 13. Nxf7 Kxf7 14.
Qf5+ Kg8 15. Qe6+ Kh7 16. Qf5+ Kg8 17. Qe6+ Kf8 18. Qf5+ Bf6 19. exf6 Qxf6 20. Qg4 Qf7 21. Ne5 Nxe5 22. dxe5 Nc6 23. f4 Nd4 24. Bd1 Bc8 25. Qh4 Bf5 26. O-O g6 27. Be3 Nc2 28. Bxc2 Bxc2 29. f5 gxf5 30. Bxh6+ Ke8 31. e6 Qxe6 32.
Qh5+ Kd7 33. Rae1 Be4 34. Rxe4 dxe4 35. Rd1+ Kc6 36. b4 Qxh6 37. b5+ Kxb5 38. Qe2+ Kc6 39.
h3 Rad8 0-1

[Event "*** Titled Tuesday 3|2 Blitz"]
[Site "Chess.com"]
[Date "2016.03.01"]
[Round "4"]
[White "jcgs1030"]
[Black "arnacman"]
[Result "0-1"]
[WhiteElo "2224"]
[BlackElo "2314"]
[TimeControl "180+2"]
[EndTime "12:21:14 PST"]
[Termination "arnacman won by resignation"]

1. e4 c5 2. Nf3 d6 3. d4 cxd4 4. Nxd4 Nf6 5. Nc3 a6 6. Bg5 e6 7. f4 Qc7 8. Qe2 Nbd7 9. f5 e5 10. Nb3 Be7 11. O-O-O b5 12. h4 Bb7 13. Kb1 b4 14.
Nd5 Nxd5 15. exd5 Nb6 16. Bxe7 Kxe7 17. Qg4 Rhc8 18. Bd3 Kf8 19. f6 gxf6 20. Bxh7 Bxd5 21. Bf5 Ke7 22. Bxc8 Rxc8 23. Qxb4 Qxc2+ 24. Ka1 Nc4 25. Nd2 a5 26. Qb3 Qxb3 27. Nxb3 Bxg2 28. Rhg1 Bf3 29. Rdf1 Bh5 30. Rc1 d5 31. Nxa5 Rc5 32. Nxc4 dxc4 33. b3 c3 34. Rg3 f5 35. Rgxc3 Rxc3 36. Rxc3 f4 37. Kb2 e4 38. Rc5 f3 39. Rxh5 f2 40.
Rf5 e3 41. Kc2 e2 42. Rxf2 e1=Q 43. Rd2 Qxh4 44. a4 Qe4+ 45. Kc3 f5 46. a5 Qe5+ 47.
Kb4 Qe1 48. Kc3 f4 49. Kd3 f3 50. b4 f2 51. Re2+ Kd6 52. b5 f1=Q 0-1

[Event "*** Titled Tuesday 3|2 Blitz"]
[Site "Chess.com"]
[Date "2016.03.01"]
[Round "4"]
[White "spectralsoul"]
[Black "FairChess_on_YouTube"]
[Result "0-1"]
[WhiteElo "2582"]
[BlackElo "2735"]
[TimeControl "180+2"]
[EndTime "12:21:16 PST"]
[Termination "FairChess_on_YouTube won by resignation"]

1. g3 d5 2. Bg2 e5 3. c4 d4 4. d3 Nc6 5. Nf3 Nf6 6. O-O Bc5 7. e3 O-O 8. exd4 Nxd4 9. Nxd4 Bxd4 10. Nc3 c6 11. Qe2 Bg4 12. Bf3 Qd7 13. Be3 Bxf3 14. Qxf3 Bxc3 15. bxc3 Qxd3 16. Rab1 b6 17. Qxc6 Rfc8 18.
Qb7 Qxc4 19. a3 Nd5 20. Rbd1 Nxc3 21. Rd7 Rf8 22. Re1 h6 23. Bd2 Ne2+ 24. Kg2 Rad8 25. Bb4 Rxd7 26. Qxd7 Qe4+ 27. Kf1 Ra8 28. Qd2 Rc8 29.
Qd7 Rc2 30. Bd2 Qf3 31. Qd8+ Kh7 32. Qd7 Nd4 33. Kg1 Rxd2 0-1

[Event "*** Titled Tuesday 3|2 Blitz"]
[Site "Chess.com"]
[Date "2016.03.01"]
[Round "4"]
[White "Andrejkin"]
[Black "GianmarcoVaR"]
[Result "0-1"]
[WhiteElo "2109"]
[BlackElo "2320"]
[TimeControl "180+2"]
[EndTime "12:21:32 PST"]
[Termination "GianmarcoVaR won by resignation"]

1. e4 c5 2. Nf3 d6 3. d4 cxd4 4. Nxd4 Nf6 5. Bd3 Nc6 6. c3 g6 7. Be3 Ng4 8. Bc1 Bg7 9. Nxc6 bxc6 10. h3 Ne5 11. O-O a5 12. f4 Nxd3 13. Qxd3 Ba6 14. c4 Qb6+ 15. Kh1 Qd4 16. Qxd4 Bxd4 17. Na3 a4 18. Rd1 Bc5 19. b3 Kd7 20. e5 Rhb8 21.
f5 gxf5 22. Nc2 axb3 23. axb3 Rxb3 24. exd6 exd6 25. Nd4 Bxd4 26. Rxd4 Bb7 27. Rxa8 Bxa8 28. Bf4 d5 29. c5 Bb7 30. Bd6 Ba6 31. Rh4 Bc4 32. Rf4 Bd3 33. Rh4 Be4 34. Rxh7 d4 35. Rxf7+ Ke6 36. Re7+ Kd5 37. Rd7 Rxh3+ 38. Kg1 Rd3 39.
Bf8+ Kc4 40. Rd6 Kxc5 41. Rd8+ Kc4 42. Ra8 Rd1+ 43. Kh2 Rd2 44. Ra6 0-1

[Event "*** Titled Tuesday 3|2 Blitz"]
[Site "Chess.com"]
[Date "2016.03.01"]
[Round "4"]
[White "Aygehovit1992"]
[Black "Bentery"]
[Result "1-0"]
[WhiteElo "2410"]
[BlackElo "2301"]
[TimeControl "180+2"]
[EndTime "12:21:33 PST"]
[Termination "Aygehovit1992 won by resignation"]

1. e4 e6 2. d4 d5 3. Nc3 Bb4 4. Ne2 Nf6 5. e5 Nfd7 6. a3 Be7 7. Nf4 c5 8. Qg4 g6 9. dxc5 Nxe5 10. Qg3 Nbc6 11.
Bb5 Bxc5 12. Nfxd5 O-O 13. Bxc6 Nxc6 14. Bg5 f6 15.
Nxf6+ Rxf6 16. Rd1 Qf8 17. Bxf6 Qxf6 18. Ne4 Qf5 19. Nxc5 Qxc5 20. O-O b6 21. h4 Ba6 22. Rfe1 Nd4 23. Qe3 Rd8 24. c3 Ne2+ 25. Qxe2 Bxe2 26. Rxd8+ Kg7 27. Rxe2 Qf5 28. Rd7+ Kh6 29. Re7 Qg4 30.
R2xe6 Qxh4 31. Re3 Qf4 32. Rh3+ Kg5 33. Ree3 h5 34.
Rhg3+ Kh6 35. Re6 h4 36. Rexg6+ Kh7 37. Rg7+ Kh6 38. R3g6+ Kh5 39. g4+ hxg3 40. Rxg3 Qc1+ 41. Kg2 Kh6 42. R7g4 Kh5 43. Rg8 1-0

[Event "*** Titled Tuesday 3|2 Blitz"]
[Site "Chess.com"]
[Date "2016.03.01"]
[Round "4"]
[White "Spas_Kozhuharov"]
[Black "viditchess"]
[Result "1/2-1/2"]
[WhiteElo "2454"]
[BlackElo "2456"]
[TimeControl "180+2"]
[EndTime "12:21:45 PST"]
[Termination "Game drawn - insufficient material"]

1. d4 Nf6 2. c4 e6 3. Nc3 Bb4 4. Qc2 d5 5. cxd5 exd5 6. Bg5 h6 7. Bxf6 Qxf6 8. a3 Bxc3+ 9. Qxc3 c6 10. e3 O-O 11. Nf3 Bf5 12. Be2 Nd7 13. b4 a6 14. O-O Rfc8 15. Rfc1 Qe7 16. a4 Nf6 17. Nd2 Ne8 18. Qc5 Nd6 19. Qb6 Qd8 20. Qxd8+ Rxd8 21. Nb3 Kf8 22. f3 Ke7 23. Kf2 g5 24.
Nc5 a5 25. g4 Bg6 26. b5 cxb5 27. axb5 f5 28. h3 Rdc8 29. Bd3 a4 30. gxf5 Bxf5 31. Bxf5 Nxf5 32. Nxb7 Rxc1 33. Rxc1 a3 34. Nc5 Nd6 35. b6 Rb8 36. Ra1 Rxb6 37. Rxa3 Rb2+ 38. Kg3 h5 39. Ra7+ Ke8 40. e4 Rd2 41. Ra4 Ke7 42. h4 gxh4+ 43.
Kxh4 Nb5 44. exd5 Rxd4+ 45. Rxd4 Nxd4 46. f4 Kd6 47. Nd3 Kxd5 48. Kxh5 Ke4 49. f5 Kxf5 50. Ne5 Kxe5 1/2-1/2

[Event "*** Titled Tuesday 3|2 Blitz"]
[Site "Chess.com"]
[Date "2016.03.01"]
[Round "4"]
[White "GrigorGrigorov"]
[Black "jk13"]
[Result "1/2-1/2"]
[WhiteElo "2512"]
[BlackElo "2399"]
[TimeControl "180+2"]
[EndTime "12:21:48 PST"]
[Termination "Game drawn by repetition"]

1. d4 Nf6 2. c4 e6 3. Nf3 Bb4+ 4. Bd2 Bxd2+ 5. Qxd2 O-O 6. g3 d5 7. Qc2 c6 8. Bg2 Nbd7 9. O-O b6 10. Nbd2 Bb7 11. e4 dxe4 12. Nxe4 c5 13. Nxf6+ Nxf6 14. Rfd1 Qc7 15.
Qe2 Rad8 16. dxc5 bxc5 17. b3 a5 18. Qe5 Qb6 19. Ne1 Bxg2 20. Kxg2 Qc6+ 21. f3 a4 22. Nd3 Nd7 23. Qc3 h6 24. Rd2 axb3 25. axb3 Rb8 26. Rad1 Qb6 27. Nc1 Nf6 28. Rd6 Qa7 29. R1d2 Rb6 30.
R6d3 Qb8 31. Ne2 Qb7 32. Nc1 Qb8 33. Qa5 Rc8 34. Qa1 e5 35. Re3 Re6 36. Rde2 Rce8 37.
Nd3 e4 38. Nxc5 exf3+ 39. Kxf3 Rxe3+ 40. Rxe3 Rxe3+ 41. Kxe3 Qb4 42. Qd4 Qe1+ 43. Kd3 Qd1+ 44.
Kc3 Qa1+ 45. Kd3 Qd1+ 46. Ke3 Ng4+ 47. Ke4 f5+ 48. Kd5 Nf6+ 49. Ke5 Ng4+ 50. Kd5 Nf6+ 51. Ke5 Ng4+ 52. Kd5 1/2-1/2

[Event "*** Titled Tuesday 3|2 Blitz"]
[Site "Chess.com"]
[Date "2016.03.01"]
[Round "4"]
[White "Izoria123"]
[Black "kleinebeer98"]
[Result "1-0"]
[WhiteElo "2553"]
[BlackElo "2499"]
[TimeControl "180+2"]
[EndTime "12:21:49 PST"]
[Termination "Izoria123 won by resignation"]

1. e4 c5 2. Nf3 d6 3. c3 Nf6 4. Be2 g6 5. O-O Bg7 6. Bb5+ Bd7 7. Bxd7+ Nbxd7 8. Re1 O-O 9. d4 cxd4 10. cxd4 Rc8 11.
Nc3 Nb6 12. Qb3 Nfd7 13. a4 e5 14. Bg5 Bf6 15. Bxf6 Qxf6 16. a5 exd4 17. e5 Qg7 18.
Ne4 Nc4 19. exd6 b6 20. axb6 axb6 21. Ra7 Rfd8 22. h3 Nce5 23. Neg5 Nxf3+ 24. Nxf3 Nc5 25. Qd5 Qf6 26. d7 Rb8 27. Nxd4 Nd3 28. Rd1 Qxf2+ 29.
Kh1 Qe3 30. Rf1 Nf2+ 31. Kh2 Ng4+ 32. hxg4 Qh6+ 33. Kg3 Qe3+ 34. Rf3 Qe1+ 35. Kh2 Qh4+ 36. Rh3 Qf6 37. Nc6 Qf4+ 38. Rg3 Qh6+ 39. Rh3 Qf4+ 40.
Rg3 Qh6+ 41. Kg1 Qc1+ 42. Kf2 Qxb2+ 43. Kf3 Qc3+ 44. Kf2 Qb2+ 45. Ke1 Qc1+ 46. Ke2 Qc2+ 47. Kf1 Qc1+ 48. Kf2 Qb2+ 49. Kf3 Qc3+ 50. Kf4 Qf6+ 51. Ke4 Re8+ 52. dxe8=Q+ Rxe8+ 53. Ne5 Re6 54. Rf3 Rxe5+ 55.
Qxe5 Qc6+ 56. Kf4 1-0

[Event "*** Titled Tuesday 3|2 Blitz"]
[Site "Chess.com"]
[Date "2016.03.01"]
[Round "4"]
[White "Boryboy"]
[Black "PowerThinking2650"]
[Result "1-0"]
[WhiteElo "2476"]
[BlackElo "2144"]
[TimeControl "180+2"]
[EndTime "12:21:57 PST"]
[Termination "Boryboy won by resignation"]

1. e4 e5 2. Nf3 Nc6 3. Nc3 Nf6 4. Bb5 Bb4 5. O-O O-O 6. d3 d6 7. Bxc6 bxc6 8. Ne2 h6 9. Ng3 c5 10. Qe2 Be6 11.
h3 Ba5 12. Nh4 Rb8 13. Nhf5 Bxf5 14. Nxf5 Kh7 15. c4 Ng8 16. f4 g6 17. Ng3 f6 18.
Be3 Qd7 19. Rf3 c6 20. Raf1 Kg7 21. Qf2 Qe7 22. h4 exf4 23. Bxf4 h5 24. Bc1 Bc7 25.
Re1 Ba5 26. Re2 Rf7 27. Nf1 Rbf8 28. Ne3 Nh6 29. Qg3 Kh7 30. Qf4 Qe5 31. Qxe5 fxe5 32.
Ref2 Rxf3 33. Rxf3 Rxf3 34. gxf3 Bd8 35. Ng2 Nf7 36. Kf2 g5 37. hxg5 Bxg5 38. Be3 Kg6 39. a4 h4 40. Bxg5 Kxg5 41. Ne3 Nh6 42. Kg2 Kf4 43. Nc2 h3+ 44. Kxh3 Kxf3 45. b4 Ke2 46.
b5 cxb5 47. cxb5 Nf7 48. a5 Nd8 49. a6 Ne6 50. Na3 Kxd3 51. b6 axb6 52. Nb5 Kc4 53. a7 Kxb5 54. a8=Q Nd4 55. Qd5 Kb4 56. Qxd6 b5 57.
Qxe5 Kc4 58. Qd5+ Kb4 59. e5 Nb3 60. e6 c4 61. e7 Kc3 62. e8=Q 1-0

[Event "*** Titled Tuesday 3|2 Blitz"]
[Site "Chess.com"]
[Date "2016.03.01"]
[Round "4"]
[White "Yaacovn"]
[Black "Dlugy"]
[Result "1/2-1/2"]
[WhiteElo "2635"]
[BlackElo "2606"]
[TimeControl "180+2"]
[EndTime "12:22:08 PST"]
[Termination "Game drawn by agreement"]

1. d4 g6 2. Nf3 Bg7 3. e3 d6 4.
Be2 Nf6 5. O-O O-O 6. b3 a5 7.
Bb2 a4 8. c4 c6 9. Nc3 a3 10.
Bc1 e5 11. Nb1 exd4 12. exd4 Ne4 13. Bxa3 Nc3 14. Nxc3 Rxa3 15. Qc1 Ra8 16. h3 Re8 17. Qd2 c5 18. Rad1 Nc6 19. dxc5 dxc5 20. Qxd8 Nxd8 21. Nd5 Rxa2 22. Ne7+ Kf8 23. Nxc8 Raxe2 24. Nd6 R8e7 25. Nc8 Re8 26. Nd6 R8e7 27. Nf5 Re8 28. Nxg7 Kxg7 29. Rd7 b6 30. Rfd1 Nc6 31. Rb7 Ne5 32. Nxe5 R8xe5 33. Rxb6 Rb2 34. Rb5 Ree2 35. Rf1 Rec2 36. g3 h5 37. Kg2 Kf6 38. g4 hxg4 39. hxg4 Kg7 40. g5 Kg8 41. Kg3 Rc3+ 42. f3 Rbxb3 43. Rxc5 Rb4 44.
Rc8+ Kg7 45. c5 Rbc4 46. Re1 Rxc5 47. Rxc5 Rxc5 48. Kg4 Rc4+ 49. f4 Rc5 50. Re3 Rc1 51. Rg3 Rf1 52. Rf3 Rg1+ 53. Rg3 Ra1 54. Rf3 Ra4 1/2-1/2

[Event "*** Titled Tuesday 3|2 Blitz"]
[Site "Chess.com"]
[Date "2016.03.01"]
[Round "4"]
[White "ftorodent"]
[Black "bugsbunny444"]
[Result "1-0"]
[WhiteElo "2340"]
[BlackElo "2436"]
[TimeControl "180+2"]
[EndTime "12:22:09 PST"]
[Termination "ftorodent won on time"]

1. d4 e6 2. c4 b6 3. a3 Bb7 4. Nc3 f5 5. Nf3 Nf6 6. Bf4 Be7 7. e3 O-O 8. Bd3 Ne4 9. h4 Nxc3 10. bxc3 Bf6 11.
Rb1 d6 12. Ng5 Qe7 13. d5 Bxc3+ 14. Kf1 e5 15. Qc2 exf4 16. Qxc3 fxe3 17. Re1 f4 18.
Bxh7+ Kh8 19. fxe3 fxe3+ 20. Kg1 e2 21. Rh3 Nd7 22. Re3 Qf6 23. R1xe2 Qxc3 24. Rxc3 Ne5 25. Be4 Rf4 26. g3 Rf6 27. Ne6 Rc8 28. Nd4 c5 29. dxc6 Nxc6 30. Nf5 Na5 31. Bxb7 Nxb7 32. Ne7 Rc5 33. Nd5 Rf7 34. Re8+ Kh7 35. Ne3 Na5 36. Rd3 Nxc4 37. Nd5 Ne5 38. Rd1 Rc2 39. Nf4 Nf3+ 40.
Kf1 Nxh4 41. Rxd6 1-0

[Event "*** Titled Tuesday 3|2 Blitz"]
[Site "Chess.com"]
[Date "2016.03.01"]
[Round "4"]
[White "AndrewMcStone"]
[Black "davidarenas1224"]
[Result "1-0"]
[WhiteElo "1960"]
[BlackElo "2076"]
[TimeControl "180+2"]
[EndTime "12:22:09 PST"]
[Termination "AndrewMcStone won by resignation"]

1. d4 Nf6 2. c4 g6 3. Nc3 Bg7 4. e4 d6 5. Nge2 O-O 6. Ng3 a6 7. Be2 c5 8. d5 b5 9. cxb5 axb5 10. Bxb5 Ba6 11. Bxa6 Nxa6 12. O-O Qa5 13. Qe2 Rfb8 14. f4 Nd7 15. e5 Nf8 16. Nge4 Qc7 17. exd6 exd6 18.
f5 Nd7 19. f6 Bf8 20. Bf4 Re8 21. Qg4 Ne5 22. Qh4 h5 23. Rae1 Rab8 24. b3 Nb4 25. Re3 Nbd3 26. Rg3 Nxf4 27. Rxf4 Bh6 28. Ng5 Rb4 29.
Nce4 Ng4 30. Rgxg4 Bxg5 31. Rxg5 Qa7 32. Qxh5 Rbxe4 33. Rxg6+ fxg6 34. Qxg6+ Kf8 35. Rxe4 c4+ 36. Kf1 Re5 37. Rxe5 dxe5 38. Qg7+ Qxg7 39. fxg7+ Kxg7 40. bxc4 Kf6 41. Ke2 Ke7 42. Ke3 Kd6 43. Ke4 1-0

[Event "*** Titled Tuesday 3|2 Blitz"]
[Site "Chess.com"]
[Date "2016.03.01"]
[Round "4"]
[White "VovAn1991"]
[Black "Mornar1951"]
[Result "0-1"]
[WhiteElo "2455"]
[BlackElo "2590"]
[TimeControl "180+2"]
[EndTime "12:22:25 PST"]
[Termination "Mornar1951 won on time"]

1. e4 c5 2. Nf3 e6 3. d4 cxd4 4. Nxd4 a6 5. Bd3 Nf6 6. O-O Qc7 7. Nc3 d6 8. Qe2 Nbd7 9. f4 Be7 10. Kh1 Nc5 11. Bd2 O-O 12. Rae1 Nxd3 13. cxd3 b5 14.
Rc1 Qd7 15. f5 e5 16. Nc6 Qxc6 17. Nd5 Qd7 18. Rc7 Qd8 19. Nxe7+ Kh8 20. Rxc8 Rxc8 21. Nxc8 Qxc8 22. Rc1 Qb7 23. Bb4 Rc8 24. Rxc8+ Qxc8 25. Qd2 d5 26. Qc3 Qxc3 27. Bxc3 dxe4 28. dxe4 Nxe4 29. Bxe5 f6 30. Bd4 h5 31. g3 Nd6 32. Kg2 Nxf5 33. Bc5 Kg8 34. Kf3 Kf7 35. Ke4 Ke6 36. Bf8 g5 37. b3 g4 38. a4 h4 39. axb5 hxg3 40. hxg3 axb5 41. Kf4 Nd4 42. Kxg4 Nxb3 43. Kf4 Nd4 44. g4 Nc6 45. g5 Ne5 46. Bg7 Ng6+ 47. Kg4 f5+ 48. Kh5 Kf7 49. Bc3 Nf4+ 50. Kh6 Ke6 51.
g6 Nxg6 52. Kxg6 f4 53. Kg5 f3 54. Be1 b4 55. Kf4 b3 0-1

[Event "*** Titled Tuesday 3|2 Blitz"]
[Site "Chess.com"]
[Date "2016.03.01"]
[Round "4"]
[White "Winehouse83"]
[Black "DagurR"]
[Result "0-1"]
[WhiteElo "2363"]
[BlackElo "2287"]
[TimeControl "180+2"]
[EndTime "12:22:25 PST"]
[Termination "DagurR won by resignation"]

1. d4 e6 2. c4 f5 3. Nf3 Nf6 4. g3 d5 5. b3 c6 6. Bg2 Bd6 7. O-O Qe7 8. Bf4 Bxf4 9. gxf4 O-O 10. Ne5 b6 11. Nd2 Bb7 12. Kh1 Nbd7 13. Nxd7 Nxd7 14.
e3 c5 15. cxd5 Bxd5 16. Bxd5 exd5 17. Qf3 Nf6 18. dxc5 bxc5 19. Rg1 Rad8 20. Rg5 Ne4 21. Nxe4 Qxe4 22. Qxe4 dxe4 23. Rc1 Rd5 24. Rgg1 Rfd8 25. Rc2 Rd2 26. Rgc1 Rxc2 27. Rxc2 Rd5 28. Kg2 Kf7 29. Kf1 Ke6 30. Ke2 g6 31. Rc4 h6 32. Ra4 Rd7 33.
Ra6+ Kf7 34. Rc6 g5 35. Rxc5 Kg6 36. Rc6+ Kh5 37. Rf6 Rd5 38. fxg5 hxg5 39. Ra6 Rd7 40. f3 Rc7 41. fxe4 fxe4 42. Kd2 Kg4 43. Re6 Rd7+ 44. Ke2 Kf5 45. Rc6 Rh7 46. Rc5+ Kg4 47. Ra5 Rxh2+ 48.
Kf1 Kf3 49. Kg1 Rh7 50. Rxg5 Kxe3 51. Rd5 Ke2 52. b4 Rg7+ 53. Kh2 e3 54. Re5 Kf2 55. Rf5+ Ke1 56. b5 e2 57. Re5 Kf2 58. Rf5+ Ke3 59.
Re5+ Kf3 60. Rf5+ Ke4 61. Rf8 Re7 0-1

[Event "*** Titled Tuesday 3|2 Blitz"]
[Site "Chess.com"]
[Date "2016.03.01"]
[Round "4"]
[White "Gevorg_Harutjunyan"]
[Black "AndreyOstrovskiy"]
[Result "0-1"]
[WhiteElo "2597"]
[BlackElo "2481"]
[TimeControl "180+2"]
[EndTime "12:22:29 PST"]
[Termination "AndreyOstrovskiy won by checkmate"]

1. e4 e5 2. Nf3 Nc6 3. d4 exd4 4. Nxd4 Nf6 5. Nc3 Bb4 6. Nxc6 bxc6 7. Bd3 d5 8. exd5 cxd5 9. O-O O-O 10. Bg5 c6 11.
Na4 Rb8 12. c3 Bd6 13. Re1 h6 14. Bh4 c5 15. Bc2 Bd7 16. Rb1 g5 17. Bg3 Bxg3 18. hxg3 Bxa4 19. Bxa4 Qd6 20. Qd3 Kg7 21. Re2 Rfd8 22. Rbe1 d4 23. c4 Rb7 24. Bc2 Rxb2 25.
Re6 Qxe6 26. Rxe6 Rxc2 27. Qxc2 d3 28. Qd2 fxe6 29. f3 Rd4 30. Kf2 e5 31. Ke3 e4 32.
g4 h5 33. gxh5 Kh6 34. a4 a5 35. Kf2 Kxh5 36. Ke1 Kg6 37. Kd1 exf3 38. gxf3 g4 39. fxg4 Ne4 40. Qxa5 d2 41. Qb6+ Kg5 42. Qb3 Nf2+ 43. Ke2 d1=Q+ 44. Qxd1 Nxd1 45. a5 Nc3+ 46. Ke3 Rxc4 47. a6 Ra4 48. Kd3 Rxa6 49. Kc4 Kxg4 50.
Kd3 Nd5 51. Kc4 Rc6 52. Kb5 c4 53. Kxc6 c3 54. Kc5 c2 55. Kd4 c1=Q 56. Kd3 Kf5 57.
Kd4 Ke6 58. Ke4 Qe3# 0-1

[Event "*** Titled Tuesday 3|2 Blitz"]
[Site "Chess.com"]
[Date "2016.03.01"]
[Round "4"]
[White "AndroQueen"]
[Black "MinhGTrAn"]
[Result "1-0"]
[WhiteElo "2557"]
[BlackElo "2656"]
[TimeControl "180+2"]
[EndTime "12:22:30 PST"]
[Termination "AndroQueen won on time"]

1. d4 Nf6 2. c4 e6 3. Nc3 Bb4 4.
f3 Nc6 5. e4 e5 6. d5 Bxc3+ 7.
bxc3 Na5 8. Bd3 b6 9. f4 Qe7 10. Nf3 d6 11. c5 O-O 12. O-O Nb7 13. fxe5 dxe5 14. c6 Nc5 15. Ba3 Ne8 16. Nd2 Nd6 17. Bxc5 bxc5 18. Qe2 f6 19. Rab1 a5 20. h3 a4 21. Qe3 Nf7 22. Kh2 h6 23. a3 Kh7 24.
Rb2 Ng5 25. Rfb1 f5 26. exf5 Bxf5 27. Bxf5+ Rxf5 28. Ne4 Nxe4 29. Qxe4 g6 30. Rb7 Rc8 31. Re1 Qd6 32. c4 h5 33. Re2 Re8 34. g3 Re7 35. Rb8 Kg7 36. Kg2 Qf6 37. h4 Rf7 38. Re8 Rf2+ 39.
Kh3 Rxe2 40. Qxe2 Re7 41. Rxe7+ Qxe7 42. Qe4 Qf6 43. Kg2 Kf7 44. Qf3 Qf5 45. d6 cxd6 46. c7 1-0

[Event "*** Titled Tuesday 3|2 Blitz"]
[Site "Chess.com"]
[Date "2016.03.01"]
[Round "4"]
[White "BahadirOzen"]
[Black "maciek_92"]
[Result "1/2-1/2"]
[WhiteElo "2556"]
[BlackElo "2418"]
[TimeControl "180+2"]
[EndTime "12:22:31 PST"]
[Termination "Game drawn by repetition"]

1. Nf3 Nf6 2. g3 d5 3. Bg2 c6 4. O-O g6 5. c4 dxc4 6. Na3 Bg7 7. Nxc4 O-O 8. b3 b5 9. Ne3 Nd5 10. Rb1 Nxe3 11. fxe3 e5 12. Qc2 Qe7 13. Bb2 f6 14. e4 Bb7 15. d4 exd4 16. Nxd4 a6 17. b4 a5 18. e5 a4 19. exf6 Bxf6 20. Kh1 a3 21.
Ba1 Nd7 22. Nxc6 Bxc6 23. Qxc6 Rac8 24. Qxb5 Bxa1 25. Rxa1 Ne5 26. Qd5+ Kg7 27. Rxf8 Rxf8 28. Rf1 Rd8 29. Qe4 Qd6 30. b5 Re8 31. Qd5 Qb6 32.
Qb7+ Qxb7 33. Bxb7 Re7 34. Bd5 Nd7 35. e4 Nb6 36.
Bc6 g5 37. Kg2 g4 38. Rc1 Kf6 39. Rc3 Ke5 40. Rxa3 Kd4 41. Ra6 Nc4 42. Ra4 Kd3 43. Bd5 Ne3+ 44. Kg1 Re8 45. Ra3+ Kd2 46. b6 Rc8 47. Rxe3 Kxe3 48. b7 Rc1+ 49. Kg2 Rc2+ 50. Kf1 Rc1+ 51. Kg2 Rc2+ 52. Kf1 Rc1+ 53. Kg2 Rc2+ 54.
Kf1 1/2-1/2

[Event "*** Titled Tuesday 3|2 Blitz"]
[Site "Chess.com"]
[Date "2016.03.01"]
[Round "4"]
[White "chessdude"]
[Black "D-Prawira"]
[Result "1-0"]
[WhiteElo "2363"]
[BlackElo "2210"]
[TimeControl "180+2"]
[EndTime "12:22:36 PST"]
[Termination "chessdude won by resignation"]

1. e4 c5 2. Nf3 e6 3. g3 a6 4. Bg2 Qc7 5. O-O b5 6. d4 d6 7.
d5 e5 8. Nh4 g6 9. a4 b4 10. c4 Bg7 11. Nd2 Ne7 12. Nhf3 Nd7 13. h4 Nf6 14. Nh2 h5 15. Ndf3 Ng4 16. Ng5 O-O 17.
Nxg4 Bxg4 18. f3 Bc8 19. Kh2 Ra7 20. Bh3 f5 21. b3 Bf6 22. Ra2 Bxg5 23. Bxg5 fxe4 24.
fxe4 Bxh3 25. Rxf8+ Kxf8 26. Kxh3 Ng8 27. Rf2+ Kg7 28.
Qf3 Qd7+ 29. Kg2 Qe8 30. Bf6+ Kh7 31. Bg5 Kg7 32. Bf6+ Kh7 33. g4 hxg4 34. Qxg4 Rf7 35. Bg5 Rxf2+ 36. Kxf2 Qf7+ 37. Kg2 Nh6 38. Qe6 Qf8 39.
Qe7+ Qxe7 40. Bxe7 Nf7 41. Kg3 Kg7 42. Kg4 Kh6 43. Bf8+ Kh7 44. h5 gxh5+ 45. Kxh5 Kg8 46. Be7 Kg7 47. Kg4 Kg6 48. a5 Nh6+ 49. Kh4 Nf7 50. Bf8 Kf6 51. Kh5 Ng5 52. Be7+ Kxe7 53. Kxg5 Kf7 54.
Kf5 Ke7 55. Kg6 Ke8 56. Kf6 Kd7 57. Kf7 Kd8 58. Ke6 Kc7 59. Ke7 1-0

[Event "*** Titled Tuesday 3|2 Blitz"]
[Site "Chess.com"]
[Date "2016.03.01"]
[Round "4"]
[White "AdrianaNikolova"]
[Black "chessbia"]
[Result "1-0"]
[WhiteElo "2152"]
[BlackElo "2036"]
[TimeControl "180+2"]
[EndTime "12:22:36 PST"]
[Termination "AdrianaNikolova won by checkmate"]

1. e4 e5 2. Nf3 Nc6 3. Bb5 a6 4. Ba4 Nf6 5. O-O Be7 6. Re1 b5 7. Bb3 O-O 8. h3 Bb7 9. c3 d5 10. exd5 Nxd5 11. d4 exd4 12. Nxd4 Nxd4 13. cxd4 Bd6 14.
Nc3 Nf4 15. Ne4 Qh4 16. Qg4 Qxg4 17. hxg4 Nd3 18. Nxd6 cxd6 19. Re7 Rac8 20. Bd2 Ba8 21. Rb1 Rce8 22. Bxf7+ Rxf7 23. Rxe8+ Rf8 24. Rxf8+ Kxf8 25. Kf1 Bd5 26. b3 Be4 27. f3 Bg6 28. Rd1 d5 29.
Ke2 Nb2 30. Rc1 Nd3 31. Rc8+ Ke7 32. Rc3 Nb2 33. Re3+ Kd6 34. Bc3 Nd3 35. Rxd3 Bxd3+ 36. Kxd3 g6 37. Bb4+ Kc6 38. f4 Kb6 39. Bf8 a5 40. a4 bxa4 41. bxa4 Kc6 42. Be7 Kd7 43. Bc5 Kc6 44. f5 gxf5 45. gxf5 h5 46. f6 Kd7 47.
f7 Ke6 48. f8=Q h4 49. Qd6+ Kf5 50. Qxd5+ Kg4 51. Qf3+ Kg5 52. Be7+ Kg6 53. Qf6+ Kh7 54. Qxh4+ Kg6 55. g4 Kf7 56. Qf6+ Ke8 57. g5 Kd7 58. g6 Kc7 59. Bc5 Kd7 60. g7 Kc7 61. g8=Q Kd7 62. Qgg7+ Ke8 63. Qff8# 1-0

[Event "*** Titled Tuesday 3|2 Blitz"]
[Site "Chess.com"]
[Date "2016.03.01"]
[Round "4"]
[White "KNVB"]
[Black "Rickstereo"]
[Result "0-1"]
[WhiteElo "2353"]
[BlackElo "2195"]
[TimeControl "180+2"]
[EndTime "12:22:40 PST"]
[Termination "Rickstereo won by resignation"]

1. d4 Nf6 2. c4 g6 3. Nc3 d5 4.
cxd5 Nxd5 5. Bd2 Nb6 6. Nf3 Bg7 7. Qc1 Nc6 8. Bh6 Bxd4 9. e3 Bf6 10. Qc2 Bf5 11. e4 Bd7 12. Rd1 e6 13. Bb5 Qe7 14.
O-O O-O-O 15. Rfe1 Ne5 16. Nd4 Bxb5 17. Ncxb5 a6 18. Nc3 Ng4 19. Be3 Nc4 20. Qe2 Ncxe3 21. fxe3 h5 22. h3 Ne5 23. Rc1 Kb8 24. a4 g5 25. g3 g4 26. h4 Rxd4 27. exd4 Nf3+ 28.
Kg2 Nxd4 29. Qf2 Nf3 30. Red1 Rd8 31. Rxd8+ Qxd8 32. Rd1 Qe7 33. Ne2 Bxb2 34. Nf4 e5 35. Nd5 Qa3 36. Nf6 Bd4 37. Qe2 Qxa4 38. Nxh5 b5 39. Nf6 Ng1 40. Qxg4 Qc2+ 41. Kh1 Qf2 42. Nd7+ Ka7 43. Nxe5 Ne2 44. Nc6+ Kb6 45. Nxd4 Nxg3+ 46. Qxg3 Qxg3 47. Rd2 Qe1+ 48. Kg2 Qxd2+ 0-1